 Dungeon Crawl Stone Soup version 0.23.2-30-g0e89c35649 (webtiles) character file.

Game seed: 6438190911868105249

60 HASTUR3 the Poker (level 4, -2/42 HPs)
             Began as a Naga Monk on June 17, 2019.
             Slain by an orc warrior
             ... wielding a +0 halberd
              (4 damage)
             ... on level 4 of the Dungeon.
             The game lasted 00:03:35 (731 turns).

HASTUR3 the Poker (Naga Monk)                        Turns: 731, Time: 00:03:35

Health: -2/42      AC:  2    Str: 13    XL:     4   Next: 4%
Magic:  4/4        EV: 10    Int: 11    God:
Gold:   40         SH:  0    Dex: 14    Spells: 3/3 levels left

rFire    . . .     SeeInvis +   a - +0 spear
rCold    . . .     Gourm    .   (no shield)
rNeg     . . .     Faith    .   b - +0 robe
rPois    +         Spirit   .   (no helmet)
rElec    .         Reflect  .   (no cloak)
rCorr    .         Harm     .   (no gloves)
MR       .....                  (no barding)
Stlth    +++.......             (no amulet)
HPRegen  0.14/turn              (no ring)
MPRegen  0.09/turn              (no ring)

@: about to teleport, very slow
A: large, see invisible, deformed body, poison resistance, slowness 2, slow
metabolism 1, spit poison 1, AC +1
a: Spit Poison


You were on level 4 of the Dungeon.
You were not hungry.

You visited 1 branch of the dungeon, and saw 3 of its levels.

You collected 40 gold pieces.

Inventory:

Hand Weapons
 a - a +0 spear (weapon)
 l - a +0 war axe
Armour
 b - a +0 robe (worn)
Jewellery
 f - a +1 ring of evasion {unknown}
 j - an uncursed ring of positive energy {unknown}
Scrolls
 e - a scroll of noise
 g - 2 scrolls of identify
Comestibles
 c - 5 rations
 d - 12 chunks of flesh


   Skills:
 - Level 3.0 Fighting
 + Level 4.4 Polearms
 - Level 2.4 Dodging
 - Level 4.0 Stealth


You had 3 spell levels left.
You didn't know any spells.
Your spell library was empty.

Dungeon Overview and Level Annotations

Branches:
Dungeon (2/15)

Altars:


Innate Abilities, Weirdness & Mutations

You cannot wear boots.
Your serpentine skin is tough. (AC +1)
You have supernaturally acute eyesight. (SInv)
Armour fits poorly on your strangely shaped body.
Your system is resistant to poisons. (rPois)
You cover ground very slowly.
You have a slow metabolism.
You can spit poison.


Message History

The orc warrior hits you from afar with a +0 halberd!!
Ouch! That really hurt!
The orc warrior barely misses you.
You aren't carrying any potions.
As you read the scroll labeled OTONOT ATOSUME, it crumbles to dust.
It is a scroll of identify.
e - a scroll of noise You have got your breath back.
As you read the scroll labeled CIPIMM KATU, it crumbles to dust.
The creatures around you are filled with an inner flame!
It was a scroll of immolation.
The orc warrior barely misses you.
As you read the scroll labeled DUSOOB OKLAWK, it crumbles to dust.
You feel blessed for a moment.
It was a scroll of remove curse.
The orc warrior closely misses you.
As you read the scroll labeled UMIODOIRPHAQO, it crumbles to dust.
You feel strangely unstable.
It was a scroll of teleportation.
The orc warrior hits you from afar with a +0 halberd!
* * * LOW HITPOINT WARNING * * *
The orc warrior hits you from afar with a +0 halberd.
You die...

... ### #.#.# ..#
..# #.#.# ... #.#
#.#.# #.# #.# #.#.#
##.# #.# #.#.# ...
###@#####.#.# #.#
#[...o......######.#
#.#......../.....[..
#.########..######.#
# #..# #.# ....# #..
###.#######.#
#.........#
#########.#


You could see an orc warrior (inner flame).

Vanquished Creatures
  An orc priest (D:4)
  A gnoll (D:1)
  2 orcs (D:4)
  2 giant cockroaches (D:1)
  3 hobgoblins (D:1)
  3 jackals (D:2)
  A bat (D:2)
  A frilled lizard (D:1)
  3 goblins (D:1)
  A rat (D:1)
18 creatures vanquished.

Notes
Turn   | Place    | Note
-------+----------+-------------------------------------------
     0 | D:1      | HASTUR3 the Naga Monk began the quest for the Orb.
     0 | D:1      | Reached XP level 1. HP: 21/21 MP: 1/1
   192 | D:1      | Reached XP level 2. HP: 28/28 MP: 2/2
   596 | D:2      | Reached XP level 3. HP: 34/34 MP: 3/3
   641 | D:2      | You fall through a shaft for 2 floors!
   670 | D:4      | Noticed an orc warrior
   703 | D:4      | Reached XP level 4. HP: 39/42 MP: 4/4
   729 | D:4      | HP: 1/42 [orc warrior/+0 halberd (14)]
   731 | D:4      | Slain by an orc warrior

Skill      XL: |  1  2  3 |
---------------+----------+-----
Stealth        | 4 |  4.0
Polearms       | 4 |  4.4
Fighting       | |  3.0
Dodging        | |  2.4

Action                   |  1- 3 |  4- 6 || total
-------------------------+-------+-------++-------
Melee: Spear             |    43 |     2 ||    45
 Abil: Spit Poison       |     6 |     2 ||     8
  Use: Scroll            |       |     4 ||     4
 Stab: Sleeping          |     1 |       ||     1
Armor: Robe              |     9 |       ||     9
Dodge: Dodged            |    14 |     4 ||    18
